 Dungeon Sprint DCSS version 0.30-a0-578-gdee14c521f (webtiles) character file.

Game seed: 6468560125343536388

20871 mhtbhm the Peltast (level 12, -19/104 (105) HPs)
             Began as a Merfolk Fighter on Jan 1, 2023.
             Was the Champion of Qazlal.
             Demolished by a pharaoh ant (24 damage)
             ... in the Dungeon (Sprint V: "Ziggurat Sprint").
             The game lasted 00:06:18 (1186 turns).

mhtbhm the Peltast (Merfolk Fighter)                Turns: 1186, Time: 00:06:19

HP:   -19/104 (105) AC: 36    Str: 32    XL:     12   Next: 84%
MP:   23/23         EV:  0    Int:  6    God:    Qazlal [******]
Gold: 0             SH:  0    Dex: 18    Spells: 11/11 levels left

rFire   + . .      SeeInvis .    a - +8 lance "Wyrmbane" {slay drac, rPois rF+ rC+ AC+3}
rCold   + . .      Faith    .    c - +18 shield of the Gong {rElec rN+ Will+ EV-5}
rNeg    + . .      Spirit   .    b - +15 Maxwell's patent armour {-Cast -Tele rElec Will+ rCorr}
rPois   +          Reflect  +    (no helmet)
rElec   +          Harm     .    D - +1 cloak {rPois}
rCorr   +          Rampage  .    (no gloves)
Will    ++...      NoTele   +    x - +1 pair of boots {Fly} Stlth NoCast +
                                 F - amulet of reflection
HPRegen 0.37/turn                A - +6 ring of strength
MPRegen 0.18/turn                B - +6 ring of strength

@: protected from physical damage, corroded, flying, held, lightly drained,
repel missiles
A: (nimble swimmer 2), mertail, agile 1
a: Renounce Religion, Upheaval, Elemental Force, Disaster Area


You were in the Dungeon.
You worshipped Qazlal.
Qazlal was exalted by your worship.
You visited 1 branch

Inventory:

Hand Weapons
 a - the +8 lance "Wyrmbane" (weapon) {slay drac, rPois rF+ rC+ AC+3}
   (You found it in the Dungeon)

   It inflicts extra damage against dragons and draconians.
   AC:        It affects your AC (+3).
   rF:        It protects you from fire.
   rC:        It protects you from cold.
   rPois:     It protects you from poison.
Armour
 b - the +15 Maxwell's patent armour (worn) {-Cast -Tele rElec Will+ rCorr}
   (You found it in the Dungeon)

   rElec:     It insulates you from electricity.
   -Cast:     It prevents spellcasting.
   -Tele:     It prevents most forms of teleportation.
   rCorr:     It protects you from acid and corrosion.
   Will:      It increases your willpower.
 c - the +18 shield of the Gong (worn) {rElec rN+ Will+ EV-5}
   (You found it in the Dungeon)

   It is deafeningly noisy when blocking attacks.
   EV:        It affects your evasion (-5).
   rElec:     It insulates you from electricity.
   rN:        It protects you from negative energy.
   Will:      It increases your willpower.
 x - a +1 pair of boots of flying (worn)
 D - a +1 cloak of poison resistance (worn)
Jewellery
 w - a ring of see invisible
 A - a +6 ring of strength (left hand)
 B - a +6 ring of strength (right hand)
 F - an amulet of reflection (around neck)
 G - a ring of positive energy
 H - a ring of positive energy
Wands
 s - a wand of mindburst (7)
 t - a wand of iceblast (5)
 u - a wand of quicksilver (7)
Scrolls
 j - 4 scrolls of blinking
 o - 4 scrolls of amnesia
 p - 7 scrolls of fog
 q - 5 scrolls of identify
 r - a scroll of fear
 E - a scroll of brand weapon
Potions
 d - 6 potions of might
 e - 10 potions of curing
 f - 3 potions of heal wounds
 g - 6 potions of haste
 h - 7 potions of magic
 i - 3 potions of berserk rage
 k - 2 potions of brilliance
 l - 2 potions of invisibility
 m - 4 potions of resistance
 n - a potion of experience
Miscellaneous
 v - a box of beasts
 y - a tin of tremorstones (1/2)
 z - a phantom mirror
 C - a lightning rod (4/4)


   Skills:
 + Level 13.3 Fighting
 + Level 16.0 Polearms
 + Level 10.7 Armour
 + Level 4.0 Dodging
 + Level 20.5 Shields
 * Level 15.4 Invocations


You had 11 spell levels left.
You didn't know any spells.
Your spell library contained the following spells:

 Spells                   Type           Power      Damage    Failure   Level
 Apportation              Tloc           0%         N/A       99%         1
 Foxfire                  Conj/Fire      0%         2x1d4     99%         1
 Magic Dart               Conj           0%         1d3       99%         1
 Searing Ray              Conj           0%         2d4       99%         2
 Inner Flame              Hex/Fire       0%         N/A       100%        3
 Kindle Blastsparks       Fire/Tloc/Air  0%         2d10      100%        3
 Ozocubu's Armour         Ice            0%         N/A       100%        3
 Portal Projectile        Hex/Tloc       0%         N/A       100%        3
 Spider Form              Tmut/Pois      0%         N/A       100%        3
 Tukima's Dance           Hex            0%         N/A       100%        3
 Animate Dead             Necr           0%         N/A       100%        4
 Cause Fear               Hex            0%         N/A       100%        4
 Flame Wave               Conj/Fire      0%         2d4       100%        4
 Fulminant Prism          Conj/Hex       0%         3d5       100%        4
 Iskenderun's Mystic Bla  Conj/Tloc      0%         2d3       100%        4
 Passage of Golubria      Tloc           0%         N/A       100%        4
 Sticky Flame             Conj/Fire      0%         2d3       100%        4
 Blade Hands              Tmut           0%         N/A       100%        5
 Fireball                 Conj/Fire      0%         3d3       100%        5
 Lee's Rapid Deconstruct  Erth           0%         3d4*      100%        5
 Yara's Violent Unravell  Hex/Tmut       0%         3d3       100%        5
 Starburst                Conj/Fire      0%         6d3       100%        6
 Enfeeble                 Hex            0%         N/A       100%        7
 Haunt                    Necr/Summ      0%         N/A       100%        7
 Ozocubu's Refrigeration  Ice            0%         4d7       100%        7
 Discord                  Hex            0%         N/A       100%        8
 Infestation              Necr           0%         N/A       100%        8


Dungeon Overview and Level Annotations

Branches:
Dungeon (1/1)

Altars:
Ashenzari
Cheibriados
Dithmenos
Elyvilon
Fedhas
Gozag
Hepliaklqana
Kikubaaqudgha
Makhleb
Nemelex Xobeh
Okawaru
Qazlal
Ru
Sif Muna
Trog
Uskayaw
Vehumet
Wu Jian
Xom
Yredelemnul
Zin
The Shining One
Jiyva
Lugonu


Innate Abilities, Weirdness & Mutations

((You are very nimble when in or above water. (Stealth+, EV+, Speed+++)))
Your lower body shifts to a powerful aquatic tail in water.
You are agile. (Dex +4, Str/Int -1)


Message History

Your Dodging skill increases to level 4!
Unknown command.
Unknown command.
Unknown command.
Unknown command.
You feel much better.
You feel yourself speed up.
The hornet stings you but does no damage. x2
The steelbarb worm hits you but does no damage.
The radroach is engulfed in freezing vapours.
The radroach bites you!
* * * LOW HITPOINT WARNING * * *
The radroach claws you but does no damage.
The pharaoh ant bites you.
* * * LOW HITPOINT WARNING * * *
The hornet stings you but does no damage.
The pharaoh ant bites you!
* * * LOW HITPOINT WARNING * * *
You partially resist.
You feel drained.
The steelbarb worm hits you but does no damage.
The radroach bites you but does no damage.
The radroach claws you but does no damage.
The pharaoh ant bites you.
* * * LOW HITPOINT WARNING * * *
The hornet stings you but does no damage.
The pharaoh ant bites you but does no damage.
The steelbarb worm hits you but does no damage.
The entropy weaver points at you and mumbles some strange words.
Unknown command.
Okay, then.
You feel much better.
The hornet stings you but does no damage.
The radroach bites you!!
* * * LOW HITPOINT WARNING * * *
The radroach claws you!
* * * LOW HITPOINT WARNING * * *
The steelbarb worm hits you but does no damage.
The pharaoh ant bites you but does no damage.
The pharaoh ant bites you!!
You die...

▓..).....▓.
▓..[}||[)}..▓.▓....▓.▓.
▓...:)":)=..▓...©....▓.
▓...........▓▓▓▓▓▓▓▓▓▓▓
▓...........▓...8©8...▓
▓.....Z.....▓..|).)...▓
▓...§§yB....▓....=|...▓
..▓.wyBH▓..▓.........▓
▓.▓B@B▓.▓ ▓.........▓
▓..▓...○.▓..▓.........▓
▓.....○°....▓.........▓
▓▓▓▓▓▓▓▓▓▓▓▓▓.........▓
▓....8©8....▓....©....▓
▓...))|[....▓▓▓▓▓▓▓▓▓▓▓
▓...))}|}...▓...8©8...▓
▓........)..▓..)|.}}..▓
▓...........▓....))...▓


You could see a jorogumo (soul bound), a radroach (berserk, soul bound), an
entropy weaver (soul bound), a steelbarb worm (berserk, soul bound), 2 pharaoh
ants, 2 hornets and a moth of wrath simulacrum.

Vanquished Creatures
  A deep elf elementalist (D)
  A deep elf annihilator (D)
  A deep elf high priest (D)
  A hydra (D)
  2 dancing weapons (D)
  3 deep elf knights (D)
  A spriggan berserker (D)
  3 pharaoh ants (D)
  2 deep elf archers (D)
  2 deep elf zephyrmancers (D)
  3 deep elf pyromancers (D)
  An ugly thing (D)
  2 shining eyes (D)
  A moth of wrath (D)
  A worldbinder (D)
  5 cane toads (D)
  A smoke demon (D)
  2 komodo dragons (D)
  An ancient zyme (D)
  2 yaktaurs (D)
  A polar bear (D)
  A queen bee (shapeshifter) (D)
  3 slime creatures (D)
  A ynoxinul (D)
  2 air elementals (D)
  A water elemental (D)
  A fire elemental (D)
  A golden eye (D)
  A basilisk (D)
  2 small abominations (D)
  A redback (D)
  2 neqoxecs (D)
  A hell hound (D)
  A floating eye (D)
  An ice beast (D)
  2 wolves (D)
  2 phantoms (D)
  2 centaurs (D)
  A necrophage (D)
  2 earth elementals (D)
  A crimson imp (D)
  2 quasits (D)
  3 jellies (D)
  An iron imp (D)
  A river rat (D)
  3 white imps (D)
  An adder skeleton (D)
  2 adder zombies (D)
  A bat zombie (D)
  5 endoplasms (D)
  2 jackals (D)
  A jackal skeleton (D)
88 creatures vanquished.

Vanquished Creatures (collateral kills)
  A deep elf pyromancer (D)
1 creature vanquished.

Vanquished Creatures (others)
  A deep elf annihilator (D)
  A dancing weapon (D)
2 creatures vanquished.

Grand Total: 91 creatures vanquished

Notes
Turn   | Place    | Note
-------+----------+-------------------------------------------
     0 | D        | mhtbhm the Merfolk Fighter began the quest for the Orb.
     0 | D        | Reached XP level 1. HP: 18/18 MP: 1/1
     0 | D        | Found a shimmering blue altar of Sif Muna.
     0 | D        | Found a bloodstained altar of Trog.
     0 | D        | Found a sacrificial altar of Ru.
     0 | D        | Found a stormy altar of Qazlal.
     0 | D        | Found an iron altar of Okawaru.
     1 | D        | Found a sparkling altar of Nemelex Xobeh.
     1 | D        | Found a blossoming altar of Fedhas.
     1 | D        | Found the +6 Majin-Bo {vamp, MP+6 Int+6}
     1 | D        | Found the +27 heavy crossbow "Sniper" {heavy, Acc+∞ SInv}
     1 | D        | Found the +10 dark maul {heavy}
     1 | D        | Found the +15 Maxwell's patent armour {-Cast -Tele rElec
                  | Will+ rCorr}
     1 | D        | Found the +18 shield of the Gong {rElec rN+ Will+ EV-5}
     1 | D        | Found the +16 obsidian axe {drain, Mesm Drain Fly SInv}
     1 | D        | Found the +7 great mace "Firestarter" {inner flame, rF++}
     1 | D        | Found the +6 shillelagh "Devastator" {shatter}
     1 | D        | Found the +11 plutonium sword {Contam Stlth-}
     1 | D        | Found the +8 lance "Wyrmbane" {slay drac, rPois rF+ rC+
                  | AC+3}
     1 | D        | Found the +9 sword of Zonguldrok {reap}
     1 | D        | Found the +13 scythe of Curses {drain, Drain}
     1 | D        | Found the +9 sword of Power
     1 | D        | Found the +7 mace of Variability {chain chaos}
     1 | D        | Found the +11 Singing Sword {sonic wave}
     1 | D        | Found the +8 storm bow {elec, penet}
     3 | D        | Found a transporter.
     3 | D        | Found an ancient bone altar of Kikubaaqudgha.
     3 | D        | Found a viscous altar of Jiyva.
     3 | D        | Found a corrupted altar of Lugonu.
     3 | D        | Found a hazy altar of Hepliaklqana.
     3 | D        | Found a burning altar of Makhleb.
     3 | D        | Found an opulent altar of Gozag.
     5 | D        | Banished a spatial maelstrom
    68 | D        | Became a worshipper of Qazlal Stormbringer
   118 | D        | Entered arena 2.
   118 | D        | Noticed a hell hound
   118 | D        | Found a transporter.
   124 | D        | Killed a hell hound
   125 | D        | Reached skill level 6 in Shields
   125 | D        | Reached XP level 2. HP: 19/28 MP: 2/2
   125 | D        | Reached XP level 3. HP: 23/34 MP: 3/3
   125 | D        | Reached XP level 4. HP: 27/40 MP: 4/4
   126 | D        | Reached * piety under Qazlal
   175 | D        | Entered arena 3.
   175 | D        | Noticed an ice beast
   175 | D        | Noticed a polar bear
   175 | D        | Found a transporter.
   180 | D        | Killed an ice beast
   181 | D        | Reached skill level 5 in Polearms
   181 | D        | Reached skill level 5 in Armour
   181 | D        | Reached skill level 7 in Shields
   181 | D        | Reached XP level 5. HP: 48/48 MP: 4/7
   191 | D        | Killed a polar bear
   192 | D        | Reached skill level 8 in Shields
   192 | D        | Reached skill level 5 in Invocations
   192 | D        | Reached XP level 6. HP: 56/56 MP: 5/9
   194 | D        | Reached ** piety under Qazlal
   195 | D        | Reached XP level 7. HP: 62/62 MP: 5/10
   206 | D        | Entered arena 4.
   206 | D        | Found a transporter.
   214 | D        | Reached skill level 9 in Shields
   235 | D        | Entered arena 5.
   235 | D        | Noticed a yaktaur
   235 | D        | Noticed a yaktaur
   235 | D        | Found a transporter.
   240 | D        | Reached *** piety under Qazlal
   243 | D        | Killed a yaktaur
   244 | D        | Reached skill level 10 in Shields
   244 | D        | Reached XP level 8. HP: 57/69 MP: 10/13
   247 | D        | Killed a yaktaur
   248 | D        | Reached skill level 11 in Shields
   250 | D        | Reached **** piety under Qazlal
   251 | D        | Reached skill level 10 in Polearms
   287 | D        | Entered arena 6.
   287 | D        | Noticed a water elemental
   287 | D        | Noticed a deep elf knight
   287 | D        | Noticed a deep elf knight
   287 | D        | Noticed a deep elf archer
   287 | D        | Noticed a +2 vampiric halberd
   287 | D        | Found a transporter.
   293 | D        | Killed a water elemental
   323 | D        | Killed a deep elf knight
   324 | D        | Reached skill level 1 in Dodging
   324 | D        | Reached skill level 12 in Shields
   324 | D        | Reached XP level 9. HP: 21/76 MP: 10/15
   329 | D        | Killed a deep elf knight
   330 | D        | Reached skill level 13 in Shields
   335 | D        | Killed a deep elf archer
   337 | D        | Killed a +2 vampiric halberd
   338 | D        | Reached skill level 14 in Shields
   338 | D        | Reached skill level 10 in Invocations
   338 | D        | Reached XP level 10. HP: 45/85 MP: 12/17
   476 | D        | Entered arena 7.
   476 | D        | Noticed a shining eye
   476 | D        | Noticed a white ugly thing
   476 | D        | Noticed a shining eye
   476 | D        | Gained mutation: You are agile. (Dex +4, Str/Int -1) [a
                  | shining eye]
   481 | D        | Reached ***** piety under Qazlal
   482 | D        | Reached skill level 10 in Fighting
   482 | D        | Killed a shining eye
   483 | D        | Killed a shining eye
   483 | D        | Killed a white ugly thing
   484 | D        | Reached skill level 15 in Shields
   487 | D        | Found a transporter.
   510 | D        | Entered arena 8.
   510 | D        | Found the +8 Wrath of Trog {antimagic, *Rage Rampage}
   511 | D        | Found a transporter.
   519 | D        | Reached ****** piety under Qazlal
   531 | D        | Entered arena 9.
   532 | D        | Found a transporter.
   534 | D        | Paralysed by a floating eye for 4 turns
   561 | D        | Entered arena 10.
   562 | D        | Found a transporter.
   595 | D        | Entered arena 11.
   595 | D        | Noticed a deep elf pyromancer
   595 | D        | Noticed a +2 scimitar of holy wrath
   595 | D        | Noticed a deep elf pyromancer
   595 | D        | Noticed a deep elf pyromancer
   595 | D        | Noticed a deep elf archer
   595 | D        | Noticed a deep elf zephyrmancer
   596 | D        | Paralysed by an air elemental for 1 turns
   598 | D        | Killed a deep elf pyromancer
   599 | D        | Reached XP level 11. HP: 73/92 MP: 13/19
   601 | D        | Killed a deep elf pyromancer
   602 | D        | Reached skill level 16 in Shields
   613 | D        | Killed a +2 scimitar of holy wrath
   620 | D        | Found a transporter.
   624 | D        | Killed a deep elf pyromancer
   625 | D        | Killed a deep elf zephyrmancer
   632 | D        | Killed a deep elf archer
   705 | D        | Entered arena 12.
   705 | D        | Noticed a deep elf knight
   705 | D        | Noticed a deep elf high priest
   705 | D        | Noticed a deep elf annihilator
   705 | D        | Noticed a deep elf zephyrmancer
   705 | D        | Noticed a deep elf annihilator
   705 | D        | Noticed a deep elf pyromancer
   706 | D        | Noticed a deep elf elementalist
   706 | D        | Noticed a +2 long sword of holy wrath
   708 | D        | Paralysed by an air elemental for 1 turns
   711 | D        | Killed a +2 long sword of holy wrath
   712 | D        | Reached skill level 17 in Shields
   713 | D        | Killed a deep elf knight
   713 | D        | Killed a deep elf annihilator
   714 | D        | Reached skill level 10 in Armour
   714 | D        | Killed a deep elf annihilator
   715 | D        | Killed a deep elf high priest
   716 | D        | Reached skill level 18 in Shields
   726 | D        | Killed a deep elf elementalist
   727 | D        | Reached skill level 15 in Polearms
   727 | D        | Reached XP level 12. HP: 60/103 MP: 22/22
   741 | D        | Found a transporter.
   849 | D        | Entered arena 13.
   849 | D        | Noticed a spriggan berserker
   849 | D        | Noticed a six-headed hydra
   850 | D        | Found the +12 pair of quick blades "Gyre" and "Gimble"
                  | {protect}
   859 | D        | Killed a six-headed hydra
   867 | D        | Reached skill level 19 in Shields
   885 | D        | Killed a spriggan berserker
   887 | D        | Found a transporter.
  1074 | D        | Entered arena 14.
  1088 | D        | Reached skill level 15 in Invocations
  1091 | D        | Found a transporter.
  1099 | D        | Got the Tome of the Map
  1134 | D        | Got the Anthology of Toxic Peregrination
  1177 | D        | Entered arena 15.
  1177 | D        | Noticed a radroach
  1177 | D        | Noticed a jorogumo
  1178 | D        | Noticed an entropy weaver
  1179 | D        | Found the +8 longbow "Zephyr" {speed, Dex+3 SInv}
  1181 | D        | Reached skill level 20 in Shields
  1186 | D        | HP: 5/104 [radroach (8)]
  1186 | D        | Demolished by a pharaoh ant

Illustrated notes

Levels and vault maps discovered:
D:        sprint_v [room_start, room_1, room_2, room_3, room_4, room_5, room_6,
          room_7, room_8, room_9, room_10, room_11, room_12, room_13, room_14,
          room_15, room_16, room_17, room_18, room_19, room_20, room_21,
          room_22, room_23, room_24, room_25, room_26, room_27]

Skill      XL: |  1  2  3  4  5  6  7  8  9 10 11 12 |
---------------+-------------------------------------+-----
Fighting       | 6 7 8 9 10 12 13 | 13.3
Polearms       | 4 5 6 9 11 12 13 15 16 | 16.0
Armour         | 4 5 6 7 9 10 | 10.7
Shields        | 6 7 8 10 12 14 15 18 20 | 20.5
Invocations    | 2 5 6 8 10 11 13 15 | 15.4
Dodging        | 1 2 3 4 |  4.0

Action                   |  1- 3 |  4- 6 |  7- 9 | 10-12 || total
-------------------------+-------+-------+-------+-------++-------
Melee: Lance             |     5 |    20 |    55 |   141 ||   221
Invok: Upheaval          |       |       |     1 |       ||     1
       Elemental Force   |       |       |       |     3 ||     3
Evoke: Wand              |     1 |       |       |     1 ||     2
       Box of beasts     |       |       |     1 |       ||     1
       Phantom mirror    |       |       |     1 |       ||     1
       Tin of tremorston |       |       |     2 |    11 ||    13
       Lightning rod     |       |       |       |    14 ||    14
  Use: Potion            |       |       |     8 |     3 ||    11
       Scroll            |       |       |       |     1 ||     1
Armor: Plate armour      |     1 |    16 |    50 |    53 ||   120
Dodge: Dodged            |       |       |     2 |    10 ||    12
Block: Kite shield       |    12 |    38 |   132 |   181 ||   363
       Reflection        |       |       |       |     8 ||     8

Table legend: (Time is in decaauts)
 A = Elapsed time spent in this place.
 B = Non-inter-level travel time spent in this place.
 C = Inter-level travel time spent in this place.
 D = Time resting spent in this place.
 E = Time spent auto-exploring this place.
 F = Levels seen in this place.
 G = Mean time per level.
                   A        B        C        D        E       F      G
               +--------+--------+--------+--------+--------+-----+--------+
         Total |   1107 |   1107 |      0 |    481 |     13 |   1 | 1107.0 |
       Dungeon |   1107 |   1107 |      0 |    481 |     13 |   1 | 1107.0 |
               +--------+--------+--------+--------+--------+-----+--------+

Top non-repeatable levels by time:
       D: 1107 daAuts
